 Dungeon Crawl Stone Soup version 0.18.1-48-g4cf74bf (webtiles) character file.

410 Heedrag the Conjurer (level 6, -2/32 HPs)
             Began as a Deep Elf Conjurer on Aug 2, 2016.
             Killed from afar by an orc (6 damage)
             ... on level 4 of the Dungeon.
             The game lasted 00:08:47 (3424 turns).

Heedrag the Conjurer (Deep Elf Conjurer)            Turns: 3424, Time: 00:08:48

Health: -2/32      AC:  0    Str:  7    XL:     6   Next: 58%
Magic:  10/16      EV: 13    Int: 20    God:
Gold:   153        SH:  5    Dex: 15    Spells: 4 memorised, 3 levels left

rFire  + . .     SeeInvis .     r - +0 whip (venom)
rCold  . . .     Gourm    .     a - +0 robe
rNeg   . . .     Faith    .     (no shield)
rPois  .         Spirit   .     (no helmet)
rElec  .         Dismiss  .     (no cloak)
rCorr  .         Reflect  +     (no gloves)
SustAt .         Harm     .     (no boots)
MR     .....                    f - +5 amulet of reflection
Stlth  ++........               s - -2 ring of protection (curse)
                                z - ring of protection from fire

@: not resistant to hostile enchantments, unstealthy
A: no striking features
a: no special abilities


You were on level 4 of the Dungeon.
You were not hungry.

You visited 1 branch of the dungeon, and saw 4 of its levels.

You collected 153 gold pieces.

Inventory:

Hand Weapons
 h - a +1 dagger of electrocution
 r - a +0 whip of venom (weapon)
Armour
 a - a +0 robe (worn)
Jewellery
 f - a +5 amulet of reflection (around neck)
 s - a cursed -2 ring of protection (right hand)
 z - a ring of protection from fire (left hand)
Scrolls
 e - 5 scrolls of teleportation {unknown}
 g - 2 scrolls of amnesia {unknown}
 i - a scroll of immolation {unknown}
 j - 3 scrolls of recharging {unknown}
 k - a scroll of magic mapping {unknown}
 l - 2 scrolls of identify {unknown}
 n - 3 scrolls of remove curse {unknown}
 t - a scroll of random uselessness {unknown}
 u - 2 scrolls of fear {unknown}
 y - a scroll of enchant weapon {unknown}
 A - 2 scrolls of fog {unknown}
 B - a scroll of enchant armour {unknown}
 G - a scroll of blinking {unknown}
Potions
 m - a potion of ambrosia {unknown}
 o - a potion of mutation {unknown}
 p - a potion of cancellation {unknown}
 v - a potion of haste {unknown}
 x - a potion of flight {unknown}
 C - 2 potions of brilliance {unknown}
 F - a potion of agility {unknown}
 H - a potion of curing {unknown}
 I - a potion of degeneration {unknown}
Books
 b - a book of Conjurations

   Spells                             Type                      Level
   a - Magic Dart                     Conjuration                  1
   b - Searing Ray                    Conjuration                  2
   c - Dazzling Spray                 Conjuration/Hexes            3
   d - Fulminant Prism                Conjuration/Hexes            4
   e - Iskenderun's Mystic Blast      Conjuration                  4
   f - Iskenderun's Battlesphere      Conjuration/Charms           5
 E - an Akashic Record

   Spells                             Type                      Level
   a - Dispersal                      Translocation                6
   b - Malign Gateway                 Summoning/Translocation      7
   c - Disjunction                    Translocation                8
   d - Controlled Blink               Translocation                8
Comestibles
 c - 3 bread rations
 d - 3 fruits
 q - a slice of pizza
 w - a royal jelly
 D - 2 chunks of flesh


   Skills:
 - Level 2.4 Dodging
 - Level 2.4 Stealth
 + Level 5.6 Spellcasting
 * Level 7.3 Conjurations
 + Level 2.8 Charms


You had 3 spell levels left.
You knew the following spells:

 Your Spells              Type           Power        Failure   Level  Hunger
a - Magic Dart            Conj           ####         1%          1    None
b - Dazzling Spray        Conj/Hex       ###...       10%         3    ##.....
c - Iskenderun's Mystic   Conj           #####...     8%          4    ####...
d - Iskenderun's Battles  Conj/Chrm      ####....     38%         5    #####..


Dungeon Overview and Level Annotations

Branches:
Dungeon (4/15)
 Temple: D:4-7

Altars:
Makhleb
Nemelex Xobeh
Pakellas
Qazlal
The Shining One


Message History

Aimin': Magic Dart
Press: ? - help, Shift-Dir - straight line, f/p - orc
Aim: an orc, wieldin' a club an' wearin' a chain mail Tha magic dart hits tha orc.
Ye kill tha orc!
Tha orc throws an 'splodin' tomahawk.
Tha 'splodin' tomahawk barely misses ye.
Tha 'splodin' tomahawk 'splodes!
Tha 'splosion o' tomahawk fragmn'ts 'ngulfs ye!
Castin': Magic Dart Confirm wit' . or Enter, or press ? or * ta list all spells.
Aimin': Magic Dart
Press: ? - help, Shift-Dir - straight line, f/p - orc
Aim: an orc, wieldin' a club an' wearin' a chain mail Tha magic dart hits tha orc.
Tha orc throws an 'splodin' tomahawk.
Tha 'splodin' tomahawk hits ye!
* * * LOW HITPOINT WARNIN'
* * * Tha 'splodin' tomahawk 'splodes!
Tha 'splosion o' tomahawk fragmn'ts 'ngulfs ye!
Ye die...

#.. #....# #.#### #.#
#.# #.# #.# #.#
.######.## o))....@.#
.######..# ##########
#####
####################...#
#.§§≈#..#...............
...8#_.'.##########...#
≈..≈#..### #####
######### ####### ######
#####.....#


You could see an orc.

Vanquished Creatures
  An ogre (D:3)
  A crimson imp (D:4)
  A hound (D:4)
  An orc wizard (D:4)
  Terence (D:2)
  6 gnolls
  2 adders (D:2)
  3 oozes
  A dart slug (D:1)
  5 worms
  4 giant geckos
  12 orcs
  A ball python (D:4)
  5 giant cockroaches
  8 goblins
  8 hobgoblins
  8 jackals
  2 quokkas
  4 bats (D:2)
  14 giant newts
  10 kobolds
  7 rats
105 creatures vanquished.

Vanquished Creatures (others)
  A wyvern (D:4)
1 creature vanquished.

Grand Total: 106 creatures vanquished

Notes
Turn   | Place    | Note
--------------------------------------------------------------
     0 | D:1      | Heedrag the Deep Elf Conjurer began the quest for the Orb.
     0 | D:1      | Reached XP level 1. HP: 10/10 MP: 6/6
    93 | D:1      | Reached XP level 2. HP: 15/15 MP: 0/8
   192 | D:1      | Reached skill level 5 in Conjurations
   426 | D:1      | Reached XP level 3. HP: 17/19 MP: 7/10
   434 | D:1      | Learned a level 3 spell: Dazzling Spray
   468 | D:1      | Found a glowing golden altar of the Shining One.
   812 | D:2      | Reached XP level 4. HP: 24/24 MP: 2/12
   819 | D:2      | Learned a level 4 spell: Iskenderun's Mystic Blast
   875 | D:2      | Noticed Terence
   946 | D:2      | Killed Terence
   946 | D:2      | Reached skill level 6 in Conjurations
  1595 | D:2      | Reached XP level 5. HP: 28/28 MP: 9/13
  1625 | D:2      | Found a glowing golden altar of the Shining One.
  1628 | D:2      | Found a sparkling altar of Nemelex Xobeh.
  1633 | D:2      | Found a burning altar of Makhleb.
  1995 | D:3      | Learned a level 5 spell: Iskenderun's Battlesphere
  2224 | D:3      | Noticed an ogre
  2233 | D:3      | Killed an ogre
  2233 | D:3      | Reached skill level 5 in Spellcasting
  2685 | D:4      | Reached XP level 6. HP: 32/32 MP: 7/15
  2705 | D:4      | Reached skill level 7 in Conjurations
  2982 | D:4      | Found an oddly glowing altar of Pakellas.
  2982 | D:4      | Noticed an orange crystal statue
  2983 | D:4      | Noticed a wyvern
  2997 | D:4      | Killed a wyvern
  3256 | D:4      | Found a stormy altar of Qazlal.
  3424 | D:4      | Killed from afar by an orc

Skill      XL: |  1  2  3  4  5  6 |
---------------+-------------------+-----
Conjurations   | 5 6 7 |  7.3
Spellcasting   | 4 5 |  5.6
Charms         | 2 |  2.8
Dodging        | |  2.4
Stealth        | |  2.4

Action                   |  1- 3 |  4- 6 || total
-------------------------+-------+-------++-------
Melee: Dagger            |     3 |     4 ||     7
       Whip              |       |    12 ||    12
 Cast: Magic Dart        |    58 |   154 ||   212
       Dazzling Spray    |       |     4 ||     4
  Eat: Chunk             |       |     8 ||     8
Armor: Robe              |       |     3 ||     3
Dodge: Dodged            |     7 |    18 ||    25
Block: Other             |     2 |    10 ||    12
       Reflection        |     2 |     3 ||     5
